AoeStats
← eson

Arabia

503446298Analyzed
1v1 RM · 1mo ago on Aug 31, 2026· 28m 1s· 2 players
Game mode
Random Map
Map size
Tiny (2 player)
Population
200
Speed
Normal
Resources
Standard
Victory
Conquest
Starting age
Dark Age
Ending age
Imperial Age
RankedLock teamsTeams togetherTeam positionsShared explorationLock speedFull tech treeHidden civsTurbo modeCheats
Victory
Defeat
🇸🇪 Celts · Sweden
1027
+15
🇫🇷 Tupi · France
1013
-15
Smoke-Da-Politz
7:16 Loom
9:50 Feudal Age
16:21 Wheelbarrow
17:04 Fletching
20:31 Castle Age
20:24 Padded Archer Armor
20:45 Scale Mail Armor
21:32 Bodkin Arrow
21:43 Double-Bit Axe
23:36 Arson
24:28 Forging
eson
10:38 Feudal Age
16:56 Castle Age
15:20 Double-Bit Axe
15:28 Horse Collar
17:50 Loom
20:59 Scale Mail Armor
22:30 Wheelbarrow
Connection lost

Rejoining the realm…

Still unreachable

The connection could not be restored.

Session expired

The server has moved on; the page needs a fresh start.